[Event "Titled Tuesday Blitz January 17 Early 2023"]
[White "Subelj, Jan"]
[Black "Xie, Bryan"]
[WhiteFideId "14618583"]
[BlackFideId "30941296"]
[WhiteElo "2513"]
[BlackElo "2361"]
[Result "1-0"]
[Round "01"]
[TimeControl "180+2"]
[Date "2023.01.17"]
[WhiteClock "0:00:28"]
[BlackClock "0:00:04"]

1. b3 d6 2. Bb2 e5 3. e4 Nc6 4. Nf3 Nf6 5. Nc3 Be7 6. d4 Bg4 7. Bb5 exd4 8. Qxd4 O-O 9. Qe3 Re8 10. O-O-O a6 11. Be2 Nd7 12. Kb1 Bf6 13. h3 Bh5 14. g4 Bg6 15. g5 Bxc3 16. Qxc3 Nce5 17. Nxe5 dxe5 18. Bg4 Re7 19. Qd3 Qf8 20. Bxd7 Rd8 21. Ba3 Rexd7 22. Bxf8 Rxd3 23. Rxd3 Rxd3 24. cxd3 Kxf8 25. Rc1 c6 26. Kc2 Ke7 27. Kd2 Kd6 28. Ke3 f6 29. h4 fxg5 30. hxg5 Bf7 31. Rh1 Bg8 32. f4 exf4+ 33. Kxf4 a5 34. d4 b5 35. g6 hxg6 36. Rh8 Bf7 37. Rd8+ Kc7 38. Rf8 Be6 39. Ke5 Kd7 40. Ra8 Bg8 41. Rxg8 a4 42. Rxg7+ 1-0


[Site "https://www.chess.com"]

[Event "Titled Tuesday Blitz January 17 Early 2023"]
[White "Matveeva, Olga"]
[Black "Atakhan, Abtin"]
[WhiteFideId "24107018"]
[BlackFideId "22502203"]
[WhiteElo "2128"]
[BlackElo "2422"]
[Result "0-1"]
[Round "01"]
[TimeControl "180+2"]
[Date "2023.01.17"]
[WhiteClock "0:00:01"]
[BlackClock "0:00:50"]

1. d4 Nf6 2. c4 g6 3. g3 Bg7 4. Nf3 O-O 5. Bg2 d6 6. O-O c6 7. Nc3 Bf5 8. Ne1 Qd7 9. e4 Bh3 10. f3 Bxg2 11. Kxg2 e5 12. d5 cxd5 13. cxd5 Na6 14. Nd3 Rfc8 15. Be3 Nc7 16. a4 Na6 17. Rc1 Nc5 18. Bxc5 dxc5 19. Nxe5 Qe8 20. Nd3 Nd7 21. Re1 a6 22. a5 Rab8 23. Na4 Qd8 24. Qd2 c4 25. Nf4 Ne5 26. Nb6 Rc5 27. b4 Rc7 28. Red1 c3 29. Rxc3 Rxc3 30. Qxc3 Qe8 31. Qc7 Rd8 32. d6 Nc6 33. Qxb7 Nxb4 34. d7 Qe7 35. Nbd5 Nxd5 36. Nxd5 Qe5 37. Qb6 Rxd7 38. Nf6+ Bxf6 39. Rxd7 Be7 40. Rd2 Qc3 41. Rb2 Bc5 42. Qb8+ Kg7 43. Qb3 Qd4 44. Rc2 Qg1+ 45. Kh3 Qf1+ 46. Kh4 Be7+ 47. Kg4 h5+ 48. Kf4 Bf6 49. Qc4 Qa1 50. Ke3 Qxa5 51. Kf2 Qb6+ 52. Kg2 a5 53. f4 Bd4 54. e5 Qb1 55. Kf3 Qh1+ 0-1


[Site "https://www.chess.com"]

[Event "Titled Tuesday Blitz January 17 Early 2023"]
[White "Liyanage, Ranindu Dilshan"]
[Black "Nugumanov, Bakhtiyar"]
[WhiteFideId "9915834"]
[BlackFideId "13701797"]
[WhiteElo "2342"]
[BlackElo "2316"]
[Result "1-0"]
[Round "01"]
[TimeControl "180+2"]
[Date "2023.01.17"]
[WhiteClock "0:02:03"]
[BlackClock "0:00:07"]

1. e4 c5 2. Nc3 d6 3. f4 g6 4. Nf3 Bg7 5. Bb5+ Bd7 6. Bc4 Nc6 7. d3 Nd4 8. O-O Bg4 9. Bxf7+ Kf8 10. Bc4 Nxf3+ 11. gxf3 Bh3 12. Re1 e6 13. Qe2 Nf6 14. Qf2 Nh5 15. f5 Bd4 16. Be3 Qg5+ 17. Bxg5 Bxf2+ 18. Kxf2 gxf5 19. exf5 d5 20. Bh6+ Kg8 21. Nxd5 1-0


[Site "https://www.chess.com"]

[Event "Titled Tuesday Blitz January 17 Early 2023"]
[White "Hoffmann, Asa"]
[Black "Ordekalog"]
[WhiteFideId "2001470"]
[WhiteElo "2185"]
[BlackElo "2578"]
[Result "1-0"]
[Round "01"]
[TimeControl "180+2"]
[Date "2023.01.17"]
[WhiteClock "0:01:16"]
[BlackClock "0:01:34"]

1. d4 d5 2. Bg5 Nd7 3. c4 dxc4 4. Nc3 Ngf6 5. e4 h6 6. Bh4 e6 7. Bxc4 Be7 8. e5 Nd5 9. Bxe7 Nxe7 10. Qg4 Nf5 11. Nf3 Nb6 12. Bd3 g6 13. O-O-O Nd5 14. Ne4 b6 15. Bc4 Kf8 16. h4 h5 17. Qg5 Kg7 18. Bxd5 exd5 19. Nf6 Be6 20. Rdg1 c5 21. g4 Nxd4 22. Nxd4 cxd4 23. gxh5 Bf5 24. Qxf5 1-0


[Site "https://www.chess.com"]

[Event "Titled Tuesday Blitz January 17 Early 2023"]
[White "Shuvalova, Polina"]
[Black "Houska, Jovanka"]
[WhiteFideId "24171760"]
[BlackFideId "405094"]
[WhiteElo "2484"]
[BlackElo "2338"]
[Result "1-0"]
[Round "01"]
[TimeControl "180+2"]
[Date "2023.01.17"]
[WhiteClock "0:00:38"]
[BlackClock "0:00:13"]

1. d4 d5 2. Nf3 Nf6 3. Bf4 c5 4. e3 Nc6 5. Nbd2 Qb6 6. dxc5 Qxb2 7. Rb1 Qc3 8. Bb5 Bd7 9. O-O e6 10. Nb3 Bxc5 11. Bxc6 Bxc6 12. Be5 Qb4 13. Nfd4 Bxd4 14. Nxd4 Qe7 15. Qf3 O-O 16. Qg3 Rfd8 17. f4 Ne8 18. f5 f6 19. fxe6 fxe5 20. Rf7 Qc5 21. Nf5 g6 22. Qh4 h5 23. Qg5 Ng7 24. Qxg6 1-0


[Site "https://www.chess.com"]

[Event "Titled Tuesday Blitz January 17 Early 2023"]
[White "Petrova, Irina"]
[Black "Dehtiarov, Roman"]
[WhiteFideId "14124122"]
[BlackFideId "14186640"]
[WhiteElo "2108"]
[BlackElo "2289"]
[Result "0-1"]
[Round "01"]
[TimeControl "180+2"]
[Date "2023.01.17"]
[WhiteClock "0:00:16"]
[BlackClock "0:00:32"]

1. e4 e5 2. Nf3 Nc6 3. Bb5 a6 4. Ba4 Nf6 5. Bxc6 dxc6 6. d3 Bd6 7. Nbd2 O-O 8. b3 c5 9. Bb2 Nd7 10. Nc4 f6 11. Nh4 Nb8 12. Ne3 Nc6 13. O-O Be6 14. Nef5 Qd7 15. Qf3 g6 16. Ne3 Nd4 17. Bxd4 cxd4 18. Nc4 Be7 19. Qg3 Kh8 20. f4 exf4 21. Nxg6+ hxg6 22. Qxg6 Rf7 23. Rxf4 Rh7 24. Raf1 Rg8 25. Qxh7+ Kxh7 26. Rh4+ Kg7 27. Rf3 Kf8 28. Ne5 Qd6 0-1


[Site "https://www.chess.com"]

[Event "Titled Tuesday Blitz January 17 Early 2023"]
[White "Klose, Eli"]
[Black "Mrudul Dehankar"]
[WhiteFideId "16242955"]
[BlackFideId "25096990"]
[WhiteElo "1519"]
[BlackElo "2030"]
[Result "1-0"]
[Round "01"]
[TimeControl "180+2"]
[Date "2023.01.17"]
[WhiteClock "0:00:18"]
[BlackClock "0:00:06"]

1. e4 c6 2. Nc3 d5 3. g3 dxe4 4. Nxe4 Bf5 5. Bg2 e6 6. Ne2 Nd7 7. O-O Ngf6 8. N2c3 Nc5 9. Nxf6+ Qxf6 10. d4 O-O-O 11. Be3 e5 12. dxe5 Qxe5 13. Qe2 Bd6 14. Rad1 Rhe8 15. Rfe1 Qf6 16. Qc4 Be6 17. Qd4 Qg6 18. Qh4 Bf5 19. Rc1 Bxc2 20. Re2 Bd3 21. Rd2 Be4 22. b4 1-0


[Site "https://www.chess.com"]

[Event "Titled Tuesday Blitz January 17 Early 2023"]
[White "Real_taiatai"]
[Black "Aloma Vidal, Robert"]
[BlackFideId "2260409"]
[WhiteElo "2315"]
[BlackElo "2442"]
[Result "0-1"]
[Round "01"]
[TimeControl "180+2"]
[Date "2023.01.17"]
[WhiteClock "0:00:06"]
[BlackClock "0:00:10"]

1. d4 d5 2. c4 c6 3. cxd5 cxd5 4. Nc3 e6 5. Bf4 Bd6 6. Bxd6 Qxd6 7. Nf3 Nc6 8. e3 Nge7 9. Bd3 f6 10. O-O O-O 11. Rc1 Bd7 12. a3 Rac8 13. Qc2 h6 14. Qe2 e5 15. dxe5 fxe5 16. Nd2 Kh8 17. Bb1 a6 18. Rcd1 Qf6 19. Nb3 Qg5 20. Nxd5 Bh3 21. Be4 Ng8 22. Kh1 Bg4 23. f3 Bh5 24. Nc5 Rf7 25. Nb6 Re8 26. Nxa6 Nf6 27. Bxc6 bxc6 28. Nc4 Ref8 29. Nc5 e4 30. Ne6 exf3 31. gxf3 Qh4 32. Nxf8 Rxf8 33. Ne5 Nd5 34. Rd4 Qg5 35. Ng4 Bg6 36. Rg1 Qe7 37. e4 Nf4 38. Qd2 Bh5 39. Rd7 Qg5 40. Qd6 Rg8 41. Ne5 Qh4 42. Nf7+ Bxf7 43. Re7 Bh5 44. Rg3 Ne2 45. Qe5 Nxg3+ 46. Qxg3 Qxe7 47. f4 Qxe4+ 48. Kg1 g5 49. Qc3+ Rg7 50. Qb3 gxf4+ 51. Kf2 Qe2# 0-1


[Site "https://www.chess.com"]

[Event "Titled Tuesday Blitz January 17 Early 2023"]
[White "Vasques, Antonio Pedro Freixial"]
[Black "Piesik, Piotr"]
[WhiteFideId "1908332"]
[BlackFideId "1136194"]
[WhiteElo "2214"]
[BlackElo "2426"]
[Result "0-1"]
[Round "01"]
[TimeControl "180+2"]
[Date "2023.01.17"]
[WhiteClock "0:00:20"]
[BlackClock "0:00:43"]

1. Nf3 g6 2. g3 Bg7 3. Bg2 d5 4. O-O Nf6 5. d4 O-O 6. c4 c6 7. cxd5 cxd5 8. Nc3 Ne4 9. Qb3 Nxc3 10. bxc3 Nc6 11. Nd2 e6 12. Ba3 Re8 13. e4 Na5 14. Qc2 b6 15. exd5 exd5 16. Rfe1 Rxe1+ 17. Rxe1 Bf5 18. Qa4 Rc8 19. h4 h5 20. Re7 Be6 21. Rxa7 Rxc3 22. Nb3 Rc4 23. Qb5 Nc6 24. Rb7 Nxd4 25. Qxb6 Qxb6 26. Rxb6 Ne2+ 27. Kh2 Nc3 28. Nc5 Bf5 29. Bb4 d4 30. Bxc3 dxc3 31. Nb3 c2 0-1


[Site "https://www.chess.com"]

[Event "Titled Tuesday Blitz January 17 Early 2023"]
[White "Gabdrakhmanov, Azat"]
[Black "Manon-og, Ramon Jr."]
[WhiteFideId "34189197"]
[BlackFideId "5200776"]
[WhiteElo "2316"]
[BlackElo "1999"]
[Result "1-0"]
[Round "01"]
[TimeControl "180+2"]
[Date "2023.01.17"]
[WhiteClock "0:00:41"]
[BlackClock "0:00:07"]

1. e4 c5 2. Nf3 d6 3. d3 Nc6 4. Nbd2 e5 5. c3 Be7 6. Be2 Nf6 7. O-O O-O 8. Re1 Bg4 9. h3 Bh5 10. Nf1 Qd7 11. Ng3 Bg6 12. Nh4 d5 13. Nxg6 hxg6 14. exd5 Nxd5 15. Bf3 Rad8 16. Qb3 Nf4 17. Bxf4 exf4 18. Bxc6 Qxc6 19. Rxe7 fxg3 20. fxg3 Rxd3 21. Qxb7 Qd6 22. Rf1 Qxg3 23. Rexf7 Rxf7 24. Qxf7+ Kh7 25. Qf4 Qxf4 26. Rxf4 Rd1+ 27. Rf1 Rd2 28. Rf2 Rd1+ 29. Kh2 c4 30. Rf4 Rd2 31. Rxc4 Rxb2 32. a4 Ra2 33. Kg3 a6 34. Kf3 a5 35. h4 Ra1 36. g4 Rh1 37. g5 Rh2 38. Ke3 Rh3+ 39. Kd2 Rh1 40. Rf4 Ra1 41. Kc2 Rh1 42. Kb3 Ra1 43. Rf2 Rh1 44. Kc4 Rxh4+ 45. Kb5 Rg4 46. Kxa5 Rxg5+ 47. Kb6 Rg4 48. a5 Rc4 49. Rf3 g5 50. a6 g4 51. Rg3 Kg6 52. a7 Ra4 53. Rxg4+ Rxg4 54. a8=Q Rf4 55. Qd5 Rf6+ 56. Kb7 Rf7+ 57. Kc8 Rf8+ 58. Kd7 Rf5 59. Qe4 Kg5 60. c4 Rf7+ 61. Ke6 Rf6+ 62. Ke7 g6 63. Qg2+ Kf5 64. Qf3+ Kg5 65. Qxf6+ 1-0


[Site "https://www.chess.com"]

[Event "Titled Tuesday Blitz January 17 Early 2023"]
[White "I_KID_you_not"]
[Black "Tologon tegin, Semetei"]
[BlackFideId "13800574"]
[WhiteElo "2332"]
[BlackElo "2372"]
[Result "1/2-1/2"]
[Round "01"]
[TimeControl "180+2"]
[Date "2023.01.17"]
[WhiteClock "0:00:14"]
[BlackClock "0:00:13"]

1. e4 c5 2. Nc3 d6 3. d4 cxd4 4. Qxd4 Nc6 5. Qd2 g6 6. b3 Bh6 7. f4 e5 8. Nb5 Bxf4 9. Qxd6 Qxd6 10. Nxd6+ Kf8 11. Bxf4 exf4 12. Bc4 Ne5 13. Bd5 Nf6 14. O-O-O Nxd5 15. Rxd5 f6 16. Nf3 Be6 17. Rc5 b6 18. Rc7 Nxf3 19. gxf3 Rd8 20. Rd1 Rd7 21. Rc8+ Kg7 22. Rxh8 Kxh8 23. c4 Kg8 24. Nb5 a5 25. Rxd7 Bxd7 26. Nc3 Bc6 27. Nd5 Bxd5 28. exd5 Kf7 29. a3 Ke7 30. b4 axb4 31. axb4 Kd6 32. Kd2 g5 33. Kd3 h5 34. Kd4 g4 35. c5+ bxc5+ 36. bxc5+ Kd7 37. fxg4 hxg4 38. Ke4 f3 39. Ke3 f5 40. Kf2 f4 41. Kf1 Kc7 42. d6+ Kc6 43. Kf2 Kd7 44. h3 gxh3 45. Kxf3 Kc6 46. Kf2 Kd7 47. Kf3 Ke6 48. Kf2 Kd7 49. Kf3 1/2-1/2


[Site "https://www.chess.com"]

[Event "Titled Tuesday Blitz January 17 Early 2023"]
[White "Skliarov, Viktor"]
[Black "Todorovic, Bojan"]
[WhiteFideId "14106736"]
[BlackFideId "917087"]
[WhiteElo "2383"]
[BlackElo "2195"]
[Result "1-0"]
[Round "01"]
[TimeControl "180+2"]
[Date "2023.01.17"]
[WhiteClock "0:00:17"]
[BlackClock "0:00:06"]

1. e4 c5 2. Nf3 e6 3. c3 d5 4. e5 Nc6 5. d4 Bd7 6. a3 Qb6 7. b4 cxd4 8. cxd4 Nge7 9. Nc3 Nf5 10. Na4 Qd8 11. Be3 Be7 12. Bd3 O-O 13. Bxf5 exf5 14. Rc1 Be6 15. O-O Rc8 16. Ne1 a5 17. b5 Na7 18. b6 Nb5 19. Nd3 Nxa3 20. Ndc5 Nc4 21. Nxb7 Qd7 22. Nbc5 Qc6 23. Rb1 Rb8 24. b7 Bd8 25. Qb3 g5 26. f4 g4 27. Bf2 h5 28. Rfc1 Kg7 29. Nb2 Be7 30. Nxc4 dxc4 31. Nxe6+ fxe6 32. Rxc4 Qe4 33. Rc7 Kf7 34. Re1 Qxf4 35. d5 a4 36. Qa2 Rfe8 37. d6 h4 38. Bxh4 Qd4+ 39. Bf2 Qb4 40. Rxe7+ Rxe7 41. dxe7 Rxb7 42. e8=Q+ Kxe8 43. Qxe6+ 1-0


[Site "https://www.chess.com"]

[Event "Titled Tuesday Blitz January 17 Early 2023"]
[White "Grot, Blazej"]
[Black "Han, Yichen"]
[WhiteFideId "21835845"]
[BlackFideId "1054430"]
[WhiteElo "1990"]
[BlackElo "2413"]
[Result "0-1"]
[Round "01"]
[TimeControl "180+2"]
[Date "2023.01.17"]
[WhiteClock "0:00:07"]
[BlackClock "0:00:10"]

1. d4 Nf6 2. c4 e6 3. g3 c5 4. Nf3 cxd4 5. Nxd4 Nc6 6. Bg2 a6 7. O-O Be7 8. Nc3 O-O 9. e4 Qc7 10. b3 d6 11. Be3 Nd7 12. Rc1 Bf6 13. Nd5 Qd8 14. Nxf6+ Nxf6 15. Qd2 Qc7 16. Rfd1 Ng4 17. Nxc6 bxc6 18. Bd4 e5 19. Bb2 Be6 20. Qxd6 Qa7 21. c5 Qb8 22. h3 Nf6 23. Bxe5 Qxd6 24. cxd6 Nd7 25. Bb2 c5 26. e5 Rab8 27. Bc6 Rfc8 28. Bxd7 Bxd7 29. Rc4 Be6 30. Rc3 c4 31. Ba3 cxb3 32. Rxc8+ Rxc8 33. axb3 Bxb3 34. Rd3 Be6 35. Rd1 Bxh3 36. Kh2 Bd7 37. Kg2 h5 38. Bb4 Rc4 39. Bd2 h4 40. Be3 h3+ 41. Kh2 a5 42. Ra1 a4 43. Ra3 Re4 44. Bf4 Re2 45. Be3 Re1 46. f3 Re2+ 47. Kg1 Rg2+ 48. Kh1 Rxg3 49. Kh2 Rxf3 50. Rc3 Rf5 51. Rc7 Rxe5 52. Rxd7 Rxe3 53. Rd8+ Kh7 54. d7 Rd3 55. Ra8 Rxd7 56. Rxa4 Rd3 57. Rf4 f6 58. Rh4+ Kg8 59. Rg4 g5 60. Ra4 Kg7 61. Ra7+ Kg6 62. Ra8 Kf5 0-1


[Site "https://www.chess.com"]

[Event "Titled Tuesday Blitz January 17 Early 2023"]
[White "Fiorito, Joaquin"]
[Black "Tsotsonava, Elene"]
[WhiteFideId "180173"]
[BlackFideId "13615939"]
[WhiteElo "2405"]
[BlackElo "2053"]
[Result "1/2-1/2"]
[Round "01"]
[TimeControl "180+2"]
[Date "2023.01.17"]
[WhiteClock "0:00:18"]
[BlackClock "0:00:33"]

1. d4 Nf6 2. Nc3 d5 3. Bf4 a6 4. e3 Bf5 5. Bd3 e6 6. Bxf5 exf5 7. Nf3 Bb4 8. O-O Nbd7 9. Ne2 O-O 10. Rc1 c6 11. c4 dxc4 12. Rxc4 Qe7 13. Qb3 Nd5 14. a3 Bd6 15. Bxd6 Qxd6 16. Qxb7 Rfb8 17. Qxc6 Qxc6 18. Rxc6 Rxb2 19. Ng3 g6 20. Rfc1 Rb3 21. a4 Rb4 22. R6c4 Rab8 23. h4 h5 24. Ne2 N7f6 25. Ng3 a5 26. Ne5 R8b7 27. Nf1 Ne4 28. f3 Nd6 29. Rc5 Nb6 30. Rxa5 Nxa4 31. Nc6 Nb2 32. Nxb4 Rxb4 33. Ra8+ Kg7 34. Rd8 Ndc4 35. e4 fxe4 36. fxe4 Rb3 37. d5 Rd3 38. e5 Nxe5 39. d6 Nbc4 40. d7 Nb6 41. Rb1 Nbxd7 42. Nh2 Rd2 43. Re1 Ra2 44. Rd1 Nf6 45. Rb8 Neg4 46. Nf3 Ne3 47. Rd2 Ra1+ 48. Kf2 Neg4+ 49. Kg3 Ne4+ 50. Kf4 Nxd2 51. Nxd2 Ra2 52. Rd8 Ra4+ 53. Kg3 Nf6 54. Nf3 Rg4+ 55. Kh3 Ne4 56. Rd4 Nf2+ 57. Kh2 Rxd4 58. Nxd4 Ng4+ 59. Kg3 Ne5 60. Kf4 Kf6 61. Ne2 Ng4 62. Ng3 Ke6 63. Ne4 f6 64. Nc5+ Kd5 65. Nd7 Ke6 66. Nf8+ Kf7 67. Nd7 Nh6 68. g3 Ke7 69. Nc5 Ng4 70. Nd3 Ke6 71. Nc5+ Kd5 72. Nd7 Ke6 73. Nf8+ Kf7 74. Nd7 Ke7 75. Nc5 Ne5 76. Ne4 Nf7 77. Nc5 Nd6 78. Nd3 Ke6 79. Nc5+ Ke7 80. Nd3 Ne8 81. Nc5 Kf7 82. Ne4 Ng7 83. Nc5 Ne6+ 84. Nxe6 Kxe6 85. Ke4 Kd6 86. Kd4 Ke6 87. Ke4 f5+ 88. Kf4 Kf6 89. Kf3 g5 90. hxg5+ Kxg5 91. Kf2 Kg4 92. Kg2 Kg5 93. Kf3 Kg6 94. Kf4 Kf6 95. Kf3 Ke5 96. Ke3 Ke6 97. Kf4 Kf6 98. Kf3 Kg5 99. Kf2 h4 100. gxh4+ Kxh4 101. Kf3 Kg5 102. Kg3 f4+ 103. Kf3 Kf5 104. Kf2 Kg4 105. Kg2 f3+ 106. Kf2 Kf4 107. Kf1 Kg4 108. Kf2 Kf4 109. Kf1 Ke3 110. Ke1 Ke4 111. Kf2 Kf4 1/2-1/2


[Site "https://www.chess.com"]

[Event "Titled Tuesday Blitz January 17 Early 2023"]
[White "Degtiarev, Evgeny"]
[Black "Carnicelli, Valerio"]
[WhiteFideId "4149610"]
[BlackFideId "856185"]
[WhiteElo "2385"]
[BlackElo "2370"]
[Result "0-1"]
[Round "01"]
[TimeControl "180+2"]
[Date "2023.01.17"]
[WhiteClock "0:00:03"]
[BlackClock "0:00:04"]

1. d4 Nf6 2. c4 e6 3. g3 c5 4. d5 exd5 5. cxd5 d6 6. Nc3 g6 7. Bg2 Bg7 8. Nf3 O-O 9. O-O Re8 10. Bf4 a6 11. a4 Ne4 12. Nxe4 Rxe4 13. Nd2 Rb4 14. Ne4 f5 15. Ng5 Bxb2 16. Rb1 Bf6 17. Rxb4 cxb4 18. Ne6 Qe7 19. e4 fxe4 20. Re1 Nd7 21. Rxe4 Ne5 22. Rxb4 Rb8 23. Be3 b5 24. axb5 axb5 25. f4 Nc4 26. Bd4 Bd7 27. Bf1 Rc8 28. Bxc4 Rxc4 29. Rxc4 bxc4 30. Bxf6 Qxf6 31. Qe2 c3 32. Qc4 h5 33. Kg2 h4 34. Nd4 h3+ 35. Kf3 g5 36. Qxc3 gxf4 37. gxf4 Qg6 38. Ne2 Qg2+ 39. Ke3 Bg4 40. Qd3 Bxe2 41. Qxe2 Qxd5 42. Qg4+ Kf8 43. Qxh3 Qb3+ 44. Ke4 Qxh3 0-1


[Site "https://www.chess.com"]

[Event "Titled Tuesday Blitz January 17 Early 2023"]
[White "Sourath Biswas"]
[Black "Orujov, Elshad"]
[WhiteFideId "35091484"]
[BlackFideId "13403540"]
[WhiteElo "2281"]
[BlackElo "2304"]
[Result "1-0"]
[Round "01"]
[TimeControl "180+2"]
[Date "2023.01.17"]
[WhiteClock "0:00:08"]
[BlackClock "0:00:04"]

1. d4 Nf6 2. Bf4 d5 3. e3 c5 4. Nf3 Nc6 5. Nbd2 Bf5 6. dxc5 e6 7. Nd4 Bxc5 8. Nxf5 exf5 9. c3 O-O 10. Be2 Ne4 11. Nxe4 fxe4 12. Qb3 Qb6 13. O-O Rfd8 14. Rfd1 Qxb3 15. axb3 f6 16. b4 Bb6 17. h4 g6 18. Bb5 Kf7 19. Rd2 Ke6 20. Rad1 Ne5 21. Be2 a6 22. Ra1 h5 23. Bxe5 fxe5 24. Rad1 Rac8 25. g4 d4 26. exd4 exd4 27. cxd4 Rh8 28. d5+ Kd6 29. g5 Rcf8 30. Bf1 Rf4 31. Bg2 Rhf8 32. Rf1 e3 33. Re2 exf2+ 34. Kh2 Rxh4+ 35. Kg3 Rg4+ 36. Kh3 1-0


[Site "https://www.chess.com"]

[Event "Titled Tuesday Blitz January 17 Early 2023"]
[White "Alfaro, William"]
[Black "Kleiman, Jake"]
[WhiteFideId "6100457"]
[BlackFideId "2020041"]
[WhiteElo "2134"]
[BlackElo "2399"]
[Result "0-1"]
[Round "01"]
[TimeControl "180+2"]
[Date "2023.01.17"]
[WhiteClock "0:01:18"]
[BlackClock "0:01:12"]

1. Nf3 d5 2. g3 e6 3. Bg2 Nf6 4. O-O b5 5. d3 Bb7 6. b3 c5 7. Bb2 Be7 8. c4 dxc4 9. bxc4 b4 10. Qc2 O-O 11. Nbd2 a5 12. Rad1 Nbd7 13. Rfe1 Qc7 14. Nf1 Rfd8 15. h4 h6 16. N1h2 Bc6 17. d4 Be4 18. Qd2 Nb6 19. Rc1 Rac8 20. Qe3 Qb7 21. dxc5 Bxc5 22. Qf4 Bd6 23. Qe3 Nxc4 24. Rxc4 Rxc4 25. Bxf6 gxf6 26. Qxh6 Be7 27. Ng4 Bg6 28. Ne3 Rc5 29. g4 Bf8 30. Qf4 Qc7 31. Qxc7 Rxc7 32. g5 fxg5 33. Nxg5 Rdc8 34. Kh2 Rc1 35. Rxc1 Rxc1 36. Bf3 a4 37. Ng4 Bg7 38. Ne3 b3 39. axb3 axb3 40. h5 Bh7 41. Ng4 b2 42. h6 Bc3 0-1


[Site "https://www.chess.com"]

[Event "Titled Tuesday Blitz January 17 Early 2023"]
[White "Aggelis, Nikolaos"]
[Black "Zaichenko, Daria"]
[WhiteFideId "4213220"]
[BlackFideId "4197453"]
[WhiteElo "2270"]
[BlackElo "2104"]
[Result "1-0"]
[Round "01"]
[TimeControl "180+2"]
[Date "2023.01.17"]
[WhiteClock "0:00:31"]
[BlackClock "0:00:07"]

1. d4 d5 2. g3 c5 3. Nf3 e6 4. Bg2 Nf6 5. O-O Be7 6. c4 Nc6 7. cxd5 exd5 8. dxc5 Bxc5 9. a3 a6 10. Nc3 h6 11. Na4 Be7 12. Be3 b5 13. Rc1 Na5 14. Bb6 Qd6 15. Bxa5 bxa4 16. Qxa4+ Bd7 17. Qd4 O-O 18. Bb4 Qe6 19. Bxe7 Qxe7 20. Rfe1 Bf5 21. b4 a5 22. Ne5 axb4 23. axb4 Rfe8 24. Nc6 Qd6 25. Qc5 Qe5 26. e3 Qb2 27. Qd4 Qxd4 28. Nxd4 Bd3 29. Bf1 Bxf1 30. Kxf1 Ne4 31. Re2 Ra4 32. Rb2 Rea8 33. f3 Nd6 34. b5 Nc4 35. Re2 Ra3 36. Kf2 Rd3 37. Rb1 Rb8 38. Nc6 Rb6 39. Rb4 Na3 40. Nd4 Nc4 41. Ra4 Kh7 42. Ra7 Nxe3 43. Rxe3 Rxd4 44. Rb3 Rd2+ 45. Ke3 Rxh2 46. Rxf7 Rh5 47. Kd4 Rg5 48. g4 h5 49. gxh5 Rxh5 50. Kc5 Rb8 51. b6 Rh6 52. b7 Rg6 53. Rc7 Rf6 54. Rc8 Rf8 55. Rxf8 Rxf8 56. b8=Q 1-0


[Site "https://www.chess.com"]

[Event "Titled Tuesday Blitz January 17 Early 2023"]
[White "Garmash, Aliona"]
[Black "Maksimenko, Viktor"]
[WhiteFideId "34127620"]
[BlackFideId "13710478"]
[WhiteElo "2039"]
[BlackElo "2196"]
[Result "1-0"]
[Round "01"]
[TimeControl "180+2"]
[Date "2023.01.17"]
[WhiteClock "0:01:31"]
[BlackClock "0:01:23"]

1. d4 Nf6 2. c4 e6 3. Nf3 d5 4. Nc3 c5 5. cxd5 cxd4 6. Qxd4 exd5 7. e4 dxe4 8. Qxd8+ Kxd8 9. Ng5 Be6 10. Nxe6+ fxe6 11. Bg5 h6 12. Bxf6+ gxf6 13. Nxe4 Ke7 14. O-O-O Bg7 15. Kb1 Nc6 16. Bc4 Ne5 17. Bb3 Rac8 18. Rhe1 Rc6 19. f4 Nf7 20. f5 exf5 21. Nd6+ Ne5 22. Nxf5+ Kf8 23. Rd8# 1-0


[Site "https://www.chess.com"]

[Event "Titled Tuesday Blitz January 17 Early 2023"]
[White "Demin, Vladimir"]
[Black "Sohier, Julien"]
[WhiteFideId "4167457"]
[BlackFideId "645346"]
[WhiteElo "2430"]
[BlackElo "2214"]
[Result "1-0"]
[Round "01"]
[TimeControl "180+2"]
[Date "2023.01.17"]
[WhiteClock "0:01:13"]
[BlackClock "0:00:45"]

1. d4 d5 2. Nc3 Nf6 3. Bf4 c6 4. e3 Bg4 5. f3 Bh5 6. g4 Bg6 7. h4 h5 8. g5 Nfd7 9. Bd3 Bxd3 10. Qxd3 g6 11. e4 e6 12. O-O-O a6 13. Be5 Nxe5 14. dxe5 Bg7 15. f4 Nd7 16. Nf3 O-O 17. Qe3 Qc7 18. Rhf1 b5 19. f5 Bxe5 20. exd5 cxd5 21. Nxe5 Qxe5 22. Qxe5 Nxe5 23. Rde1 Nc4 24. b3 Nd6 25. fxe6 fxe6 26. Rxf8+ Rxf8 27. Rxe6 Nf5 28. Rxg6+ Kh7 29. Rxa6 Nxh4 30. Rh6+ Kg7 31. Rxh5 Nf3 32. Nxd5 Kg6 33. Rh6+ Kxg5 34. Rb6 Nd4 35. Nc3 Rf2 36. Ne4+ 1-0


[Site "https://www.chess.com"]

[Event "Titled Tuesday Blitz January 17 Early 2023"]
[White "Sovetbekova, Nurai"]
[Black "Niekras, Dawid"]
[WhiteFideId "13801910"]
[BlackFideId "1160451"]
[WhiteElo "1764"]
[BlackElo "2315"]
[Result "0-1"]
[Round "01"]
[TimeControl "180+2"]
[Date "2023.01.17"]
[WhiteClock "0:00:04"]
[BlackClock "0:00:09"]

1. d4 Nf6 2. c4 g6 3. Nc3 Bg7 4. e4 d6 5. Nf3 O-O 6. Be2 Na6 7. O-O e5 8. d5 Nc5 9. Qc2 a5 10. Be3 Ne8 11. Nd2 f5 12. f4 exf4 13. Bxf4 g5 14. Be3 f4 15. Bxc5 dxc5 16. Bd3 Nd6 17. e5 Bxe5 18. Bxh7+ Kh8 19. Nf3 Qf6 20. Nxe5 Qxe5 21. Rae1 Qd4+ 22. Kh1 Nf5 23. Nb5 Qg7 24. Bxf5 Bxf5 25. Qd2 c6 26. Nd6 Rad8 27. dxc6 bxc6 28. Nxf5 Rxd2 29. Nxg7 Kxg7 30. Re7+ Kg6 31. Re6+ Rf6 32. Rfe1 Rxb2 33. h3 Rxa2 34. Re8 Rc2 35. R1e5 Rxc4 36. Rg8+ Kf7 37. Rexg5 Rc1+ 38. Kh2 a4 39. R8g7+ Ke6 40. Rc7 Kd6 41. Ra7 Rc4 42. Ra5 f3 43. gxf3 Rxf3 44. Rg2 a3 45. Rd2+ Kc7 46. Ra2 Rcc3 47. Ra7+ Kb6 48. Ra8 Rxh3+ 49. Kg2 Rcg3+ 50. Kf2 Rh2+ 51. Kxg3 Rxa2 52. Rb8+ Ka5 53. Kf3 Rd2 54. Ke3 Rd4 55. Ra8+ Kb4 56. Rb8+ Kc3 57. Ra8 Kb2 58. Rb8+ Rb4 59. Ra8 a2 60. Kd3 a1=Q 61. Rxa1 Kxa1 0-1


[Site "https://www.chess.com"]

[Event "Titled Tuesday Blitz January 17 Early 2023"]
[White "Royal, Shreyas"]
[Black "Rios Escobar, Adan"]
[WhiteFideId "448869"]
[BlackFideId "3403645"]
[WhiteElo "2438"]
[BlackElo "2234"]
[Result "1-0"]
[Round "01"]
[TimeControl "180+2"]
[Date "2023.01.17"]
[WhiteClock "0:01:16"]
[BlackClock "0:00:02"]

1. e4 c5 2. Nf3 d6 3. d4 cxd4 4. Nxd4 Nf6 5. Nc3 a6 6. Be2 e5 7. Nb3 Be6 8. O-O Nbd7 9. Be3 Be7 10. f3 O-O 11. Qd2 Rc8 12. Rfd1 Qc7 13. Rac1 b5 14. Nd5 Bxd5 15. exd5 Nb6 16. Bxb6 Qxb6+ 17. Kh1 Bd8 18. c4 bxc4 19. Bxc4 Nh5 20. g3 h6 21. Qd3 Bg5 22. Rc2 Rc7 23. Nd2 Bxd2 24. Rdxd2 Rfc8 25. b3 a5 26. Kg2 Nf6 27. h4 g6 28. Re2 Kg7 29. g4 h5 30. g5 Nd7 31. Qd2 Qb4 32. Qe3 Nb6 33. a3 Qc5 34. Qc1 Qd4 35. Re4 Qc5 36. f4 Nxd5 37. fxe5 dxe5 38. Rxe5 Nf4+ 39. Qxf4 Qxa3 40. Qf6+ Kh7 41. Rf2 Qf8 42. Bxf7 Rxf7 43. Qxf7+ Qxf7 44. Rxf7+ Kg8 45. Ree7 a4 46. Rg7+ Kh8 47. bxa4 Rc2+ 48. Kf3 Rf2+ 49. Ke3 Re2+ 50. Kd4 Rd2+ 51. Kc5 Rd5+ 52. Kb4 Rb5+ 53. Kc4 Rc5+ 54. Kd4 Rd5+ 55. Ke4 Rd4+ 56. Ke5 Rd5+ 57. Kf6 Rd6+ 58. Re6 1-0


[Site "https://www.chess.com"]